Selects Australian Defense Battlegroup
Selects Australian Light Infantry Section
Australian Light Infantry Section
Construct Section Command Post
Australian Light Infantry Section
Selects 2-pounder Anti-tank Gun Team
2-pounder Anti-tank Gun Team
Construct Platoon Command Post
Unlock Bishop Self-propelled Artillery
Bishop Self-propelled Artillery
Selects CMP 15cwt Supply Run
Australian Light Infantry Section
Selects Artillery Trip Wire Flares
Construct Company Command Post
Selects Charged Creeping Barrage
Selects Vehicle Over Repair